 Dungeon Crawl Stone Soup version 0.23.2-33-g5129a83184 (webtiles) character file.

Game seed: 7583106840476033134

6060 Kold the Grappler (level 10, -3/58 HPs)
             Began as an Octopode Transmuter on July 20, 2019.
             Was a Follower of Cheibriados.
             Slain by a yak (14 damage)
             ... on level 11 of the Dungeon.
             The game lasted 00:26:45 (12705 turns).

Kold the Grappler (Octopode Transmuter)            Turns: 12705, Time: 00:26:47

Health: -3/58      AC:  2    Str: 16    XL:     10   Next: 87%
Magic:  18/18      EV: 29    Int: 19    God:    Cheibriados [*.....]
Gold:   551        SH:  0    Dex: 20    Spells: 9/20 levels left

rFire    . . .     SeeInvis .     - Unarmed
rCold    . . .     Gourm    .   (shield currently unavailable)
rNeg     . . .     Faith    .   (helmet currently unavailable)
rPois    x         Spirit   .   z - amulet of magic regeneration
rElec    .         Reflect  .   l - ring of protection from magic
rCorr    .         Harm     .   m - ring of wizardry
MR       +....                  (no ring)
Stlth    +++.......             (no ring)
HPRegen  0.19/turn              (no ring)
MPRegen  0.41/turn              (no ring)
                                (no ring)
                                (no ring)

@: about to teleport, spider-form, very slow
A: tiny, almost no armour, stealthy swim, (amphibious), 8 rings, (constrict 8)
a: End Transformation, Bend Time, Renounce Religion


You were on level 11 of the Dungeon.
You worshipped Cheibriados.
Cheibriados was aware of your devotion.
You were not hungry.
You were a venomous arachnid creature.
You visited 2 branches of the dungeon, and saw 14 of its levels.
You also visited: Sewer and Ossuary.

You collected 705 gold pieces.
You spent 154 gold pieces at shops.

Inventory:

Missiles
 a - 151 arrows
Armour
 G - a +2 hat (melded)
Jewellery
 g - an uncursed amulet of the acrobat
 k - an uncursed ring of fire
 l - a ring of protection from magic (left front leg)
 m - a ring of wizardry (right front leg)
 z - an amulet of magic regeneration (around neck)
 K - an uncursed amulet of faith {unknown}
Wands
 w - a wand of iceblast (19)
 x - a wand of polymorph (10)
 y - a wand of scattershot (5)
 A - a wand of flame (37)
Scrolls
 b - 3 scrolls of teleportation
 e - 2 scrolls of remove curse
 i - 16 scrolls of identify
 r - 2 scrolls of enchant weapon
 s - 5 scrolls of enchant armour
 u - 4 scrolls of amnesia
 F - a scroll of fog
 I - a scroll of vulnerability
Potions
 d - 3 potions of haste
 f - 4 potions of berserk rage {unknown}
 h - 2 potions of ambrosia {unknown}
 j - 3 potions of might {unknown}
 n - 2 potions of flight {unknown}
 o - 2 potions of cancellation {unknown}
 p - 5 potions of curing
 q - 2 potions of lignification
 t - 4 potions of brilliance {unknown}
 v - 2 potions of resistance
 B - a potion of mutation {unknown}
 C - 3 potions of degeneration {unknown}
 D - 2 potions of agility {unknown}
 H - a potion of magic {unknown}
Miscellaneous
 L - a lamp of fire
Comestibles
 c - 15 rations


   Skills:
 - Level 1.0 Fighting
 + Level 9.1 Dodging
 - Level 4.0 Stealth
 + Level 9.4 Unarmed Combat
 + Level 5.8 Spellcasting
 - Level 7.1 Transmutations
 - Level 3.2 Poison Magic


You had 9 spell levels left.
You knew the following spells:

 Your Spells              Type           Power        Failure   Level  Hunger
a - Beastly Appendage     Tmut           ####..       1%          1    None
b - Sticks to Snakes      Tmut           ####....     1%          2    None
c - Spider Form           Tmut/Pois      ####......   5%          3    ##.....
d - Blade Hands           Tmut           ####......   16%         5    #####..

Your spell library contained the following spells:

 Spells                   Type           Power        Failure   Level  Hunger
 Animate Skeleton         Necr           N/A          12%         1    None
 Apportation              Tloc           #.....       12%         1    None
 Confusing Touch          Hex            #.....       12%         1    None
 Summon Small Mammal      Summ           #...         12%         1    None
 Ice Form                 Ice/Tmut       ###.....     21%         4    ####...


Dungeon Overview and Level Annotations

Branches:
Dungeon (13/15)            Temple (1/1) D:6             Orc (0/2) D:11
   Lair: D:8-11      Vaults: D:13-14

Altars:
Ashenzari
Cheibriados
Dithmenos
Elyvilon
Fedhas
Gozag
Hepliaklqana
Kikubaaqudgha
Makhleb
Nemelex Xobeh
Okawaru
Qazlal
Ru
Sif Muna
Trog
Uskayaw
Vehumet
Wu Jian
Xom
Yredelemnul
Zin
The Shining One
Lugonu

Shops:
D:7 [


Innate Abilities, Weirdness & Mutations

You cannot wear most types of armour.
You are very stealthy in the water. (Stealth+)
((You are amphibious.))
You can wear up to eight rings at the same time.
((You can use your tentacles to constrict eight enemies at once.))
((Your skin changes colour to match your surroundings (Stealth+).))
((Your rubbery body absorbs attacks. (AC +1, EV +1)))


Message History

The yak is heavily wounded.
You hit the yak but do no damage. The yak completely misses you.
You bite the yak!
The yak is poisoned.
The yak is moderately wounded.
The yak completely misses you. The yak misses you.
You hit the yak.
The yak looks as sick as possible!
The yak is heavily wounded.
The yak completely misses you. x2
You hit the yak but do no damage.
The yak looks as sick as possible!
The yak is heavily wounded.
The yak completely misses you. x3
As you read the scroll of teleportation, it crumbles to dust.
You feel strangely unstable. The yak misses you. The yak completely misses you.
The yak misses you.
You hit the yak.
The yak looks as sick as possible!
The yak is severely wounded.
You kill the yak!
Cheibriados thoroughly appreciates the change of pace.
The yak gores you!
You die...

#........
#..######
#..######
#........
#........
#..######
#..# #..#
#s.# #YY#
#Y.######.
#........Y
#....Y...[
#......Y..
#.........
#.........
#..#######


You could see 3 yaks.

Vanquished Creatures
  2 kobold demonologists (D:13)
  A centaur skeleton (D:13)
  A hornet (D:11)
  2 hippogriffs
  A yak (D:11)
  A hungry ghost (D:7)
  4 orc warriors (D:11)
  A sky beast (D:11)
  An ice beast (D:5)
  2 phantoms (D:9)
  2 ogres
  A necrophage (D:5)
  2 centaurs
  6 big kobolds
  4 bullfrogs
  A water moccasin zombie (Ossuary)
  2 scorpions
  A water moccasin skeleton (D:7)
  3 killer bees (D:8)
  9 wights
  3 howler monkeys (D:9)
  9 crimson imps
  A centaur zombie (D:6)
  2 bullfrog zombies
  2 jellies (D:9)
  6 orc priests
  11 orc wizards
  Jessica (D:1)
  4 iguanas
  9 worker ants
  A big kobold zombie (Ossuary)
  3 mummies
  2 worker ant zombies (D:6)
  8 gnolls
  A howler monkey skeleton (D:6)
  11 adders
  A shadow imp (D:6)
  4 oozes
  4 adder skeletons
  3 adder zombies (Ossuary)
  4 worms
  2 leopard geckos
  35 orcs
  5 ball pythons
  6 giant cockroaches
  16 goblins
  4 hobgoblins
  4 jackals (D:6)
  33 kobolds
  A quokka (D:7)
  6 bats
  9 frilled lizards
  2 gnoll zombies (Ossuary)
  6 hobgoblin zombies (Ossuary)
  4 jackal zombies
  5 kobold zombies (Ossuary)
  3 orc zombies (Ossuary)
  2 quokka skeletons
  9 rats
289 creatures vanquished.

Notes
Turn   | Place    | Note
-------+----------+-------------------------------------------
     0 | D:1      | Kold the Octopode Transmuter began the quest for the Orb.
     0 | D:1      | Reached XP level 1. HP: 13/13 MP: 3/3
   179 | D:1      | Reached skill level 1 in Stealth
   179 | D:1      | Reached XP level 2. HP: 7/18 MP: 3/5
  1027 | D:2      | Noticed Jessica
  1046 | D:2      | Reached XP level 3. HP: 23/23 MP: 4/6
  1059 | D:1      | Killed Jessica
  1170 | D:2      | Reached XP level 4. HP: 15/28 MP: 7/7
  1645 | D:2      | Found a glowing golden altar of the Shining One.
  1655 | D:2      | Found a sacrificial altar of Ru.
  1771 | D:2      | Found a hazy altar of Hepliaklqana.
  1835 | D:2      | Learned a level 2 spell: Sticks to Snakes
  1839 | D:2      | Learned a level 3 spell: Spider Form
  2220 | D:3      | Reached XP level 5. HP: 33/33 MP: 8/8
  2275 | D:3      | Found a faded altar of an unknown god.
  2367 | D:3      | Reached skill level 1 in Poison Magic
  2789 | D:3      | Reached XP level 6. HP: 38/38 MP: 7/9
  4015 | D:4      | Found a deep blue altar of Sif Muna.
  4038 | D:4      | Identified Sif Muna's Guide on Curses
  4470 | D:5      | Entered Level 5 of the Dungeon
  4631 | D:5      | Reached XP level 7. HP: 34/43 MP: 10/10
  5436 | D:5      | Reached skill level 5 in Unarmed Combat
  5578 | D:5      | Reached XP level 8. HP: 48/48 MP: 7/11
  5655 | D:5      | Reached skill level 5 in Dodging
  5655 | D:5      | Reached skill level 5 in Transmutations
  5812 | D:6      | Found a sand-covered staircase.
  5825 | Ossuary  | Entered an ossuary
  6431 | D:6      | Found a staircase to the Ecumenical Temple.
  6439 | D:6      | Found a glowing drain.
  6454 | Sewer    | Entered a sewer
  7188 | Temple   | Entered the Ecumenical Temple
  7504 | D:6      | Reached XP level 9. HP: 46/53 MP: 12/12
  8392 | D:7      | Learned a level 5 spell: Blade Hands
  8401 | D:7      | Found Yjaity's Armour Shop.
  8672 | D:7      | Bought a +1 hat for 154 gold pieces
  8817 | D:7      | Found a stormy altar of Qazlal.
  8900 | D:7      | HP: 2/53 [hippogriff (3)]
  9794 | D:8      | Found a glowing silver altar of Zin.
 10028 | D:8      | Found a snail-covered altar of Cheibriados.
 10031 | D:8      | Found a blossoming altar of Fedhas.
 10031 | D:8      | Found a basalt altar of Yredelemnul.
 10178 | D:9      | Found a shimmering altar of Xom.
 10235 | D:9      | Reached XP level 10. HP: 51/58 MP: 15/15
 10356 | D:8      | Found a shattered altar of Ashenzari.
 10367 | D:8      | Became a worshipper of Cheibriados the Contemplative
 10444 | D:9      | Found a radiant altar of Vehumet.
 11015 | D:9      | Found a shadowy altar of Dithmenos.
 11163 | D:10     | Entered Level 10 of the Dungeon
 11294 | D:10     | You fall through a shaft for 3 floors!
 11339 | D:13     | Noticed a kobold demonologist
 11384 | D:12     | Found a corrupted altar of Lugonu.
 11384 | D:12     | Noticed a kobold demonologist
 11384 | D:12     | Noticed a kobold demonologist
 11385 | D:12     | Noticed a kobold demonologist
 11402 | D:13     | Killed a kobold demonologist
 11420 | D:13     | Killed a kobold demonologist
 11558 | D:12     | Noticed a cyclops
 11587 | D:12     | Reached skill level 5 in Spellcasting
 11619 | D:12     | Noticed a two-headed ogre
 11847 | D:11     | Reached * piety under Cheibriados
 12024 | D:11     | Noticed a manticore
 12493 | D:11     | Found a staircase to the Orcish Mines.
 12705 | D:11     | Slain by a yak

Skill      XL: |  1  2  3  4  5  6  7  8  9 10 |
---------------+-------------------------------+-----
Stealth        | 1 2 3 4 |  4.0
Transmutations | 3 4 6 7 |  7.1
Dodging        | 3 4 6 7 9 |  9.1
Poison Magic   | 1 2 3 |  3.2
Unarmed Combat | 4 5 6 8 9 |  9.4
Spellcasting   | 3 5 |  5.8
Fighting       | |  1.0

Action                   |  1- 3 |  4- 6 |  7- 9 | 10-12 || total
-------------------------+-------+-------+-------+-------++-------
Melee: Unarmed           |    60 |   169 |   461 |   223 ||   913
       Kick              |    11 |    37 |    52 |    17 ||   117
       Constrict         |    13 |    40 |    58 |    19 ||   130
       Tentacles         |     5 |    31 |    41 |    19 ||    96
       Punch             |     1 |     2 |    11 |     5 ||    19
 Cast: Beastly Appendage |    12 |    27 |    32 |    12 ||    83
       Spider Form       |       |       |    20 |    10 ||    30
       Sticks to Snakes  |       |       |     5 |       ||     5
  Use: Scroll            |       |    10 |     3 |     7 ||    20
       Potion            |       |       |     6 |     5 ||    11
 Stab: Sleeping          |     3 |    13 |    13 |     5 ||    34
       Distracted        |       |       |     1 |       ||     1
  Eat: Chunk             |     1 |    11 |    17 |     4 ||    33
       Ration            |       |       |     2 |     1 ||     3
Armor: Skin              |     7 |     8 |    20 |     8 ||    43
Dodge: Dodged            |    28 |   110 |   422 |   327 ||   887
